 Dungeon Crawl Stone Soup version 0.21.0 (webtiles) character file.

136 AgrsvlyMoist the Gusty (level 5, -3/28 HPs)
             Began as a Tengu Air Elementalist on July 25, 2018.
             Was a Follower of Vehumet.
             Killed from afar by pleki's ghost (9 damage)
             ... with a blast of sand
             ... on level 4 of the Dungeon.
             The game lasted 00:17:42 (3193 turns).

AgrsvlyMoist the Gusty (Tengu Air Elementalist)     Turns: 3193, Time: 00:17:43

Health: -3/28      AC:  2    Str:  9    XL:     5   Next: 19%
Magic:  5/9        EV: 12    Int: 16    God:    Vehumet [*.....]
Gold:   194        SH:  0    Dex: 14    Spells: 4/8 levels left

rFire    . . .     SeeInvis .   n - +0 dagger (speed)
rCold    . . .     Gourm    .   (no shield)
rNeg     . . .     Faith    .   a - +0 robe
rPois    .         Spirit   .   (helmet restricted)
rElec    .         Reflect  .   (no cloak)
rCorr    .         Harm     .   (no gloves)
MR       .....                  (boots unavailable)
Stlth    ++........             (no amulet)
HPRegen  0.09/turn              (no ring)
MPRegen  0.11/turn              (no ring)

@: no status effects
A: beak, talons 3, able to fly 1
a: Fly, Renounce Religion


You were on level 4 of the Dungeon.
You worshipped Vehumet.
Vehumet was aware of your devotion.
You were not hungry.

You visited 1 branch of the dungeon, and saw 4 of its levels.

You collected 194 gold pieces.

Inventory:

Hand Weapons
 d - a +0 short sword
 n - a +0 dagger of speed (weapon)
Armour
 a - a +0 robe (worn)
 p - a +0 pair of boots
Scrolls
 f - a scroll of amnesia {unknown}
 h - a scroll of enchant weapon {unknown}
 j - 3 scrolls of identify {unknown}
 k - a scroll of enchant armour {unknown}
 m - 3 scrolls of fog {unknown}
Potions
 e - 2 potions of curing
 g - a potion of berserk rage {unknown}
 i - a potion of flight {unknown}
 o - a potion of brilliance {unknown}
Books
 b - a book of Air

   Spells                             Type                      Level
   a - Shock                          Conjuration/Air              1
   b - Swiftness                      Charms/Air                   2
   c - Static Discharge               Conjuration/Air              3
   d - Airstrike                      Air                          4
   e - Lightning Bolt                 Conjuration/Air              5
Comestibles
 c - 7 rations


   Skills:
 - Level 2.1 Dodging
 - Level 2.0 Stealth
 - Level 2.0 Spellcasting
 * Level 5.3 Conjurations
 + Level 5.4 Air Magic


You had 4 spell levels left.
You knew the following spells:

 Your Spells              Type           Power        Failure   Level  Hunger
a - Shock                 Conj/Air       ###.         2%          1    #......
b - Static Discharge      Conj/Air       ###.....     7%          3    ###....


Dungeon Overview and Level Annotations

Branches:
Dungeon (4/15)
 Temple: D:4-7

Altars:
Ashenzari
Dithmenos
Gozag
Vehumet
Wu Jian

Annotations:
D:4 pleki's ghost, amateur GrEE


Innate Abilities, Weirdness & Mutations

You have a beak for a mouth.
You have claws for feet.
You can fly.


Message History

* * * LOW HITPOINT WARNING * * *
Pleki's ghost barely misses you.
You see here a robe.
You are feeling hungry.
Pleki's ghost points at you and mumbles some strange words.
The blast of sand misses you.
Pleki's ghost gestures at you while chanting.
The blast of sand hits you!
* * * LOW HITPOINT WARNING * * *
Okay, then.
A giant cockroach comes into view.
Found a stone staircase leading up.
Your magical contamination has completely faded away.
Unknown command.
Eating a chunk of flesh.
You eat the chunk of flesh.
This raw flesh tastes terrible.
A worm comes into view.
Pleki's ghost points at you and mumbles some strange words.
The blast of sand hits you!
You die...

###### #....# #.##.#
#.##.#
#W##W###########
######.##............
#..............######
#<..@..#######.# #
............# #.# #
w.##...........
......## #.........##
#.......
###...........s.##.##
#.................#
#..####.####..##..#
#... ... ....##..# ..
##...#..#


You could see a worm (sleeping) and pleki's ghost.

Vanquished Creatures
  Robin (D:3)
  5 adders
  A dart slug (D:3)
  A leopard gecko (D:3)
  7 orcs
  2 ball pythons
  6 bats
  4 giant cockroaches
  17 goblins
  5 hobgoblins
  2 jackals (D:1)
  A quokka (D:3)
  10 frilled lizards
  3 kobolds
  4 rats
69 creatures vanquished.

Notes
Turn   | Place    | Note
-------+----------+-------------------------------------------
     0 | D:1      | AgrsvlyMoist the Tengu Air Elementalist began the quest for the Orb.
     0 | D:1      | Reached XP level 1. HP: 10/10 MP: 4/4
   215 | D:1      | Reached XP level 2. HP: 15/15 MP: 4/6
  1123 | D:2      | Reached XP level 3. HP: 16/19 MP: 0/7
  1603 | D:2      | Found an opulent altar of Gozag.
  1605 | D:2      | Found a radiant altar of Vehumet.
  1605 | D:2      | Found a shattered altar of Ashenzari.
  1617 | D:2      | Became a worshipper of Vehumet
  1721 | D:2      | Reached XP level 4. HP: 24/24 MP: 5/8
  1995 | D:3      | Reached skill level 5 in Air Magic
  2178 | D:3      | Found a shadowy altar of Dithmenos.
  2241 | D:3      | Found an ornate altar of the Wu Jian Council.
  2331 | D:3      | Reached * piety under Vehumet
  2331 | D:3      | Offered knowledge of Sting by Vehumet.
  2384 | D:3      | Learned a level 3 spell: Static Discharge
  2465 | D:3      | Noticed Robin
  2471 | D:3      | Killed Robin
  2471 | D:3      | Reached skill level 5 in Conjurations
  2471 | D:3      | Gained mutation: You can fly. [Tengu growth]
  2471 | D:3      | Reached XP level 5. HP: 24/28 MP: 0/9
  3082 | D:4      | Noticed pleki's ghost (amateur GrEE)
  3193 | D:4      | Killed from afar by pleki's ghost

Skill      XL: |  1  2  3  4 |
---------------+-------------+-----
Conjurations   | 2 3 4 5 |  5.3
Air Magic      | 5 |  5.4
Dodging        | |  2.1
Stealth        | |  2.0
Spellcasting   | |  2.0

Action                   |  1- 3 |  4- 6 || total
-------------------------+-------+-------++-------
Melee: Short sword       |     4 |     9 ||    13
       Kick              |     2 |     2 ||     4
       Peck              |       |     1 ||     1
 Cast: Shock             |    61 |    86 ||   147
  Eat: Chunk             |     3 |     7 ||    10
Armor: Robe              |     1 |     1 ||     2
Dodge: Dodged            |    14 |    16 ||    30
